 Dungeon Crawl Stone Soup version 0.20.1-1-g8b1a95d (webtiles) character file.

32 Vemn the Ruffian (level 3, 0/28 HPs)
             Began as a Draconian Transmuter on July 20, 2017.
             Slain by a leopard gecko (5 damage)
             ... on level 7 of the Dungeon.
             The game lasted 00:18:01 (900 turns).

Vemn the Ruffian (Draconian Transmuter)              Turns: 900, Time: 00:18:02

Health: 0/28       AC:  6    Str: 12    XL:     3   Next: 8%
Magic:  6/6        EV: 12    Int: 14    God:
Gold:   50         SH:  0    Dex: 11    Spells: 5/6 levels left

rFire    + . .     SeeInvis .   r - +1 trident of Naann {pain, rF+} (curse)
rCold    . . .     Gourm    .   (no shield)
rNeg     . . .     Faith    .   (armour unavailable)
rPois    .         Spirit   .   (helmet restricted)
rElec    .         Reflect  .   o - +0 cloak
rCorr    .         Harm     .   (no gloves)
MR       .....                  (no boots)
Stlth    +.........             (no amulet)
Regen    0.1/turn               (no ring)
MPRegen  0.1/turn               (no ring)

@: no status effects
A: unfitting armour, cold-blooded, AC +5
a: no special abilities


You were on level 7 of the Dungeon.
You were full.

You visited 2 branches of the dungeon, and saw 7 of its levels.

You collected 50 gold pieces.

Inventory:

Hand Weapons
 r - the cursed +1 trident of Naann (weapon) {pain, rF+}
   (You found it on level 5 of the Dungeon)

   In the hands of one skilled in necromantic magic, it inflicts extra damage on
   living creatures.
   It protects you from fire.
   It has a curse placed upon it.
Missiles
 a - 42 arrows
Armour
 o - a +0 cloak (worn)
Jewellery
 l - a +2 ring of protection {unknown}
Scrolls
 g - a scroll of fog {unknown}
 h - 2 scrolls of blinking {unknown}
 i - a scroll of remove curse {unknown}
 k - a scroll of enchant armour {unknown}
 q - a scroll of noise {unknown}
Books
 b - a book of Changes

   Spells                             Type                      Level
   a - Beastly Appendage              Transmutation                1
   b - Sticks to Snakes               Transmutation                2
   c - Spider Form                    Transmutation/Poison         3
   d - Ice Form                       Ice/Transmutation            4
   e - Blade Hands                    Transmutation                5
Comestibles
 c - a bread ration
 j - 3 fruits
 p - a meat ration


   Skills:
 + Level 1.1 Fighting
   Level 0.2 Short Blades
 + Level 2.0 Dodging
 + Level 0.2 Stealth
 + Level 3.5 Unarmed Combat
 + Level 2.2 Spellcasting
 + Level 2.3 Transmutations


You had 5 spell levels left.
You knew the following spells:

 Your Spells              Type           Power        Failure   Level  Hunger
a - Beastly Appendage     Tmut           #.....       9%          1    #......


Dungeon Overview and Level Annotations

Branches:
Dungeon (7/15)             Temple (1/1) D:4

Altars:
Ashenzari
Gozag
Kikubaaqudgha
Vehumet
Xom
Yredelemnul


Innate Abilities, Weirdness & Mutations

Your plain brown scales are hard. (AC +5)
You cannot fit into any form of body armour.
You are cold-blooded and may be slowed by cold attacks.


Message History

Found a leather armour and a bubbling golden potion.
Found a stone staircase leading down.
Your talons disappear.
You see here 11 gold pieces.
You see here a bubbling golden potion.
Found an escape hatch in the floor.
An adder zombie comes into view.
You hear the slow rusting of a very distant drain.
There is an escape hatch in the floor here.
The ogre hits you with a giant club!
* * * LOW HITPOINT WARNING * * *
You slide downwards.
The hatch slams shut behind you.
A leopard gecko, a ball python and a hippogriff come into view.
The leopard gecko hisses angrily.
Found a potion of heal wounds.
The ogre misses you. The hippogriff closely misses you.
The hippogriff barely misses you. x2
The leopard gecko hisses menacingly.
The leopard gecko bites you.
You die...

.................
.....................
....................
###...............
#..............
#.............
#............
#...........#
#..........@#
#.........l.#
#.......H.O.#
######...........#
#................#
#................#
#.........########
###########


You could see a hippogriff, an ogre and a leopard gecko.

Vanquished Creatures
  A hound zombie (D:5)
  An adder (D:4)
  3 jackals (D:4)
  A bat (D:1)
  3 kobolds (D:2)
9 creatures vanquished.

Notes
Turn   | Place    | Note
-------+----------+-------------------------------------------
     0 | D:1      | Vemn the Draconian Transmuter began the quest for the Orb.
     0 | D:1      | Reached XP level 1. HP: 16/16 MP: 3/3
   484 | D:2      | You fall through a shaft for 2 floors!
   548 | D:4      | Reached XP level 2. HP: 1/23 MP: 3/5
   557 | D:4      | Found a staircase to the Ecumenical Temple.
   569 | Temple   | Entered the Ecumenical Temple
   743 | D:5      | Entered Level 5 of the Dungeon
   748 | D:5      | Got a warped trident
   749 | D:5      | Identified the cursed +1 trident of Naann {pain, rF+} (You found it on level 5 of the Dungeon)
   777 | D:5      | Reached XP level 3. HP: 18/28 MP: 6/6
   827 | D:6      | Noticed an ogre
   877 | D:7      | Noticed a hippogriff
   900 | D:7      | Slain by a leopard gecko

Skill      XL: |  1  2 |
---------------+-------+-----
Dodging        | 2 |  2.0
Fighting       | |  1.1
Short Blades   | |  0.2
Stealth        | |  0.2
Unarmed Combat | |  3.5
Spellcasting   | |  2.2
Transmutations | |  2.3

Action                   || total
-------------------------++-------
Melee: Dagger            ||    30
       Unarmed           ||    17
       Tailslap          ||     3
       Kick              ||     4
       Trident           ||    15
 Cast: Beastly Appendage ||     7
  Use: Potion            ||     1
  Eat: Bread ration      ||     1
Armor: Skin              ||    28
Dodge: Dodged            ||    54
